[Event "31st Kavala Open-A 2022"]
[Site "Kavala"]
[Date "2022.07.30"]
[Round "6.9"]
[White "Pijpers, Arthur"]
[Black "Ladopoulos, Dimitrios"]
[Result "1/2-1/2"]
[ECO "C11"]
[WhiteElo "2458"]
[BlackElo "2335"]
[Annotator "TA"]
[PlyCount "154"]
[EventDate "2022.07.27"]
[EventType "swiss"]
[EventCountry "GRE"]
[SourceTitle "playchess.com"]
[Source "ChessBase"]
[SourceQuality "1"]
[TimeControl "40/5400+30:1800+30"]

1. e4 e6 2. d4 d5 3. Nc3 Nf6 4. e5 Nfd7 5. f4 c5 6. Nf3 Nc6 7. Be3 cxd4 8. Nxd4 Qb6 9. Qd2 Qxb2 10. Rb1 Qa3 11. Bb5 Nxd4 {[%emt 0:09:03] C11: French: Classical System: 4 e5 and 4 Bg5 dxe4.} 12. Bxd4 (12. Qxd4 a6 13. Bxd7+ Bxd7 14. Rxb7 Rc8 $17) 12... a6 (12... Bb4 {keeps more tension.} 13. Rb3 Qa5 14. a3 Be7) 13. Bxd7+ Bxd7 14. Rb3 Qe7 15. Rxb7 Qh4+ $1 {[%emt 0:02:26][%mdl 4] is currently scoring better than 15...Rc8.} 16. Qf2 Qxf2+ (16... Be7 {looks sharper.} 17. g3 Qh3 18. Kd2 Bd8) 17. Kxf2 Bc8 18. Rb3 Be7 19. Rhb1 {[%emt 0:21:54] [#]} Bd8 $146 ({Predecessor:} 19... O-O 20. Na4 a5 21. Nb6 Ra6 22. Rc3 Rxb6 23. Rxb6 f6 24. Rc7 fxe5 25. Bxe5 Bh4+ 26. g3 Bf6 27. Bxf6 gxf6 28. Rbc6 {1-0 (28) Wang,J (2380)-Zhang,X (2374) China 2016}) 20. Bc5 Bc7 (20... Bd7 $11 {remains equal.}) 21. Bb6 ({White should try} 21. Bd6 $16 Ba5 22. Ne2) 21... Bb8 22. Bc5 Bc7 23. Bb6 Bb8 24. Ne2 Rg8 25. Bc5 Bc7 26. Bb6 Bb8 27. Nd4 (27. g3 {with more complications.} g5 28. Rc3 Kd7 29. Ba5) 27... f6 28. Re1 {[%emt 0:00:02] White is much more active. The black rooks are badly placed.} (28. Bc5 $16 Bc7 29. Bd6 fxe5 30. Bxe5 (30. Bxc7 exd4 31. Be5 Bd7 $14) (30. fxe5 Bxd6 31. exd6 e5 $16) 30... Bxe5 31. fxe5) 28... fxe5 $11 29. fxe5 Rf8+ 30. Rf3 Bd7 31. Ree3 Rxf3+ 32. gxf3 Kf7 33. f4 {[%emt 0:00:16][%cal Of4f5] Strongly threatening f5!} a5 34. Rb3 a4 35. Rb4 g5 36. a3 gxf4 37. Nf3 Ra6 {[%emt 0:00:37][%cal Oa6b6] Threatens to win with ...Rxb6!} 38. Rxf4+ Kg8 39. Bc5 Ba7 ({Better is} 39... Bc7 $1 $11) 40. Bxa7 Rxa7 $14 {[%emt 0:00:00][%mdl 4096] Endgame KRB-KRN} 41. Ke3 Rb7 42. Kd4 Rb2 $2 (42... Rc7 $14) 43. Kc5 $1 $18 Rxc2+ 44. Kd6 Be8 (44... Bc8 {was necessary.} 45. Rxa4 Kg7) 45. Ke7 ({Less strong is} 45. Kxe6 Ra2 $16) 45... Bg6 46. Rxa4 Rc4 47. Ra8+ Kg7 48. Kxe6 Rf4 49. Nd2 $1 d4 50. Ra4 $1 Bf7+ 51. Ke7 Rf5 52. Kd6 ({Resist} 52. Rxd4 $6 Rxe5+ 53. Kd6 Rh5 $14) 52... d3 {[%emt 0:01:49] [#]} 53. Rd4 $1 Bg6 54. e6 (54. Rxd3 $16 {Black must now prevent Rf3.} Rf4 55. Rd5) 54... Rf2 $11 55. Nc4 Re2 {[%emt 0:02:15] [#]} (55... Rxh2 $11 56. a4 Re2) 56. h4 $2 ({White should play} 56. Ne5 $1 $16 Kf6 57. Nxg6 (57. Nxd3 Rxe6+ 58. Kc5 Re3 $14) 57... Rxe6+ 58. Kc5 hxg6 59. Rxd3 Re5+ 60. Kb4) 56... Bf5 {[%emt 0:00:25] The position is equal.} 57. Ne5 {[%emt 0:00:36] aiming for e7.} (57. e7 {seems wilder.} Kf6 58. Nb6 Re6+ 59. Kc5) 57... Kf6 58. Nd7+ Kg7 59. Ne5 {[%emt 0:00:39] e7 is the strong threat.} Kf6 60. Nxd3 {[%emt 0:00:01] And now Nf4 would win.} Rxe6+ 61. Kc5 Re3 $1 62. Kc4 Rh3 63. a4 Bxd3+ 64. Rxd3 Rxh4+ {[%emt 0:00:06] KR-KR} 65. Kb5 Rh1 66. a5 Rb1+ 67. Kc6 Rc1+ 68. Kd6 Ra1 69. Rd5 Kg6 70. Kc7 h5 71. Kb7 {[%emt 0:00:45] Hoping for a6.} h4 72. a6 {[%emt 0:00:04] Threatening mate with a7.} h3 73. Rd2 Kg5 74. a7 Rxa7+ 75. Kxa7 Kg4 76. Rh2 Kg3 77. Rxh3+ Kxh3 {[%emt 0:00:35] Blacks defense is rewarded with a draw.  Weighted Error Value: White=0.22 (precise) /Black=0.20 (precise)} 1/2-1/2

[Event "31st Kavala Open-A 2022"]
[Site "Kavala"]
[Date "2022.07.30"]
[Round "6.10"]
[White "Maltsevskaya, Aleksandra"]
[Black "Stefanou, Dimitrios"]
[Result "1/2-1/2"]
[ECO "C15"]
[WhiteElo "2378"]
[BlackElo "2184"]
[Annotator "TA"]
[PlyCount "56"]
[EventDate "2022.07.27"]
[EventType "swiss"]
[EventCountry "GRE"]
[SourceTitle "playchess.com"]
[Source "ChessBase"]
[SourceQuality "1"]
[TimeControl "40/5400+30:1800+30"]

1. e4 e6 2. d4 d5 3. Nc3 Bb4 4. Bd3 dxe4 5. Bxe4 Nf6 6. Bd3 O-O {[%emt 0:02:27] C15: French: 3 Nc3 Bb4: Unusual White 4th moves.} 7. Nf3 Nbd7 8. Bg5 Be7 {[%emt 0:04:49] The position is equal.} 9. Qe2 c5 10. O-O-O cxd4 11. Nxd4 {[%emt 0:00:09] [#]} h6 $146 ({Predecessor:} 11... Qb6 12. Nb3 a6 13. h4 Re8 14. Rh3 a5 15. Be3 Qc7 16. Nb5 Qb8 17. a4 e5 {1-0 (37) Brunner,T (1945)-Seidl,J Bad Woerishofen 2019}) 12. Be3 (12. h4 $5) 12... Nc5 13. Bc4 {[%emt 0:01:56][%cal Od4e6] Black must now prevent Nxe6!} (13. g4 $5 ) 13... Qc7 $1 14. Ndb5 Qc6 (14... Qb6 $5 ) 15. Bf4 a6 16. Nd4 Qe8 17. Nb3 (17. Rhe1 $14) 17... b5 18. Nxc5 Bxc5 19. Bd3 Bb7 20. Be5 {[%emt 0:02:43] Strongly threatening Bxf6.} Qe7 $36 {[%emt 0:02:15][%mdl 2048] Black has the initiative.} (20... Bxg2 $2 21. Rhg1 Nh5 22. Qxh5 $18) 21. Rhe1 Rfd8 (21... Bxg2 $2 22. Rg1 Nd7 23. Rxg2 $18) 22. g4 Nd7 23. Bf4 ({White should play} 23. Ne4) 23... Bb4 $1 $17 {[%emt 0:02:51] And now ...Bxc3 would win.} 24. Ne4 Bxe1 $19 25. Bd6 {[%emt 0:00:05] [#]} Qh4 26. Bg3 $17 {[%emt 0:00:41] [#]} Qe7 27. Bd6 $19 {[%emt 0:00:09] [#]} Qh4 28. Bg3 $1 $17 {[%emt 0:01:41] [#]} Qe7 {[%emt 0:00:36] Weighted Error Value: White=0.18 (very precise) /Black=0.19 (very precise)} 1/2-1/2

[Event "31st Kavala Open-A 2022"]
[Site "Kavala"]
[Date "2022.07.30"]
[Round "6.11"]
[White "Ortega Lopez, Mikel"]
[Black "Zawadzka, Jolanta"]
[Result "1/2-1/2"]
[ECO "B32"]
[WhiteElo "2249"]
[BlackElo "2416"]
[Annotator "TA"]
[PlyCount "71"]
[EventDate "2022.07.27"]
[EventType "swiss"]
[EventCountry "GRE"]
[SourceTitle "playchess.com"]
[Source "ChessBase"]
[SourceQuality "1"]
[TimeControl "40/5400+30:1800+30"]

1. e4 c5 2. Nf3 Nc6 3. d4 cxd4 4. Nxd4 e5 5. Nb5 d6 6. N1c3 a6 7. Na3 Be6 8. Nc4 Rb8 {[%emt 0:00:33] B32: Sicilian: Löwenthal and Kalashnikov Variations.} 9. a4 Nf6 {[%emt 0:00:09] is cutting edge theory.} 10. Bg5 Nb4 {[%emt 0:00:16] Prevents Nd5. White is slightly better.} 11. Ne3 Be7 12. Bxf6 Bxf6 13. Ncd5 Nxd5 14. Nxd5 Bg5 15. Bc4 {[%emt 0:04:09] [#]} b5 $146 ({Predecessor:} 15... Rc8 16. Qd3 O-O 17. O-O Kh8 18. Bb3 Rc5 19. Rad1 Qa5 20. Ne3 Be7 21. Qd2 Qxd2 22. Rxd2 {½-½ (32) Guillermo Gonzalez,A (2023)-Molina Rodriguez,B (2152) Vecindario 2019}) 16. axb5 axb5 17. Bb3 O-O 18. O-O Kh8 19. Qd3 f5 20. f3 (20. exf5 $14 Bxf5 21. Qe2) 20... Qc8 $11 21. Kh1 Qc5 22. Rad1 fxe4 {[%emt 0:10:56] The position is equal.} 23. fxe4 g6 24. h3 Kg7 25. Kh2 h5 26. Qg3 Bxd5 27. Qxg5 Bxb3 28. cxb3 {[%emt 0:01:43] [#] Threatens to win with Qe7+.} Qc7 {[%emt 0:00:08] Inhibits Qe7+.} 29. Rc1 Qd7 30. Rfd1 Rf7 31. Rd5 Rb6 32. Rc3 Qe7 33. Qe3 Qb7 34. Qg5 Qe7 35. Qe3 Qb7 36. Qg5 {[%emt 0:03:48] Weighted Error Value: White=0.08 (flawless) /Black=0.03 (flawless)} 1/2-1/2

[Event "31st Kavala Open-A 2022"]
[Site "Kavala"]
[Date "2022.07.30"]
[Round "6.12"]
[White "Trimitzios, Petros"]
[Black "Georgiou, Kostantinos"]
[Result "1-0"]
[ECO "D94"]
[WhiteElo "2369"]
[BlackElo "2259"]
[Annotator "TA"]
[PlyCount "81"]
[EventDate "2022.07.27"]
[EventType "swiss"]
[EventCountry "GRE"]
[SourceTitle "playchess.com"]
[Source "ChessBase"]
[SourceQuality "1"]
[TimeControl "40/5400+30:1800+30"]

1. Nf3 c5 2. c4 Nc6 3. Nc3 g6 4. e3 Nf6 5. d4 cxd4 6. exd4 d5 7. Bg5 Be6 8. c5 Ne4 9. Bf4 Bg7 10. Bb5 O-O 11. O-O Bg4 $1 12. Bxc6 {[%emt 0:05:30] D94: Grünfeld: 4 Nf3 Bg7 5 e3.} bxc6 13. h3 Bxf3 14. Qxf3 {[%emt 0:01:42] Black is slightly better.} e5 15. dxe5 Nxc5 {[%emt 0:00:00] [#]} 16. Qe2 $146 ({Predecessor:} 16. Rfe1 Ne6 17. Bg3 Rb8 18. b3 Rb4 19. Rad1 h5 20. Qd3 Qa5 21. Qc2 Rd8 22. Qb2 {½-½ (30) Simonenkov,S (2246)-Dreisch,J (2121) ICCF email 2017}) 16... Ne6 17. Bh2 Rb8 18. Rab1 (18. b3 $11) 18... Qb6 ({Better is} 18... Qa5 $17 19. Qf3 Rfd8) 19. Kh1 d4 20. Ne4 Qb5 21. Qf3 Qd5 (21... Bxe5 22. Nf6+ Kg7 23. Bxe5 (23. Nd7 Bxh2 24. Kxh2 Rfd8 $11) 23... Qxe5 24. Nd7 $14) 22. b3 Rbd8 (22... Bxe5 23. Bxe5 Qxe5 24. Nf6+ Kg7 25. Nd7 $16) 23. Rfe1 h6 (23... Bxe5 $2 24. Bxe5 f5 25. Nf6+ Rxf6 26. Bxf6 $18) 24. Rbd1 a5 (24... Bxe5 $2 25. Bxe5 f5 26. Nf6+ Rxf6 27. Bxf6 $18) 25. Qg4 Kh7 (25... Bxe5 $2 26. Nc3 Qc5 27. Rxe5 $18) (25... a4 $5 ) 26. f4 {[%emt 0:00:43] Black should prevent f5.} f5 {[%emt 0:03:14] Black is now going downhill.} (26... Nc5 $1 $11 27. Nxc5 Qxc5) 27. exf6 $1 $16 Bxf6 28. Nxf6+ Rxf6 29. Re5 $36 {[%emt 0:00:02][%cal Be1e5,Be5f5,Bf5f4,Bf4f6][%mdl 2080] Black is under strong pressure.} Qd7 30. f5 {[%emt 0:03:57] White is more active.} (30. Rxa5 Nxf4 31. Qxd7+ Rxd7 $11) 30... gxf5 31. Rxf5 Rg6 (31... Rg8 $16 32. Qxg8+ (32. Rxf6 Rxg4 33. hxg4 Ng5 $11) 32... Kxg8 33. Rxf6 Qd5 34. Rxh6 c5) 32. Qe4 $18 Ng5 (32... Qe8 $142 33. h4 (33. Rxa5 Ng5 $16) 33... Kg8 34. Rxa5 c5) 33. Qd3 {[%emt 0:00:13] Strongly threatening h4.} Re8 34. Rf4 {[%emt 0:03:39] Against Ne4. Hoping for h4.} (34. Rxa5 Ne4 35. Rf1 (35. Qxd4 Qxd4 36. Rxd4 Nf2+ 37. Kg1 Nxh3+ 38. Kh1 Re1+ 39. Bg1 Nxg1 $17) 35... c5 $14) 34... c5 $2 {[%emt 0:00:38] [#]} (34... Qe6 35. Rxd4 (35. Qxd4 Ne4 $16) 35... Ne4) 35. h4 $1 {[%emt 0:00:29] aiming for h5.} ({And not} 35. Rf6 Ne4 36. Rf4 Qd5 $11) 35... Ne6 (35... Nh3 $142) 36. Rf6 Qg7 37. Rdf1 c4 38. bxc4 {[%emt 0:01:51] White wants to mate with h5.} Nc5 {[%emt 0:00:40] [#]} 39. Qb1 $1 {[%emt 0:01:04] White threatens Rxg6 and mate.} ({Not} 39. Qxd4 Re4 40. Qxe4 Nxe4 $16) 39... Re1 40. Rxe1 Qxf6 41. h5 {[%emt 0:00:12] Weighted Error Value: White=0.11 (very precise) /Black=0.70} 1-0

[Event "31st Kavala Open-A 2022"]
[Site "Kavala"]
[Date "2022.07.30"]
[Round "6.13"]
[White "Triantos, Konstantinos"]
[Black "Koutlas, Nikolaos"]
[Result "0-1"]
[ECO "B21"]
[WhiteElo "2210"]
[BlackElo "2314"]
[Annotator "TA"]
[PlyCount "82"]
[EventDate "2022.07.27"]
[EventType "swiss"]
[EventCountry "GRE"]
[SourceTitle "playchess.com"]
[Source "ChessBase"]
[SourceQuality "1"]
[TimeControl "40/5400+30:1800+30"]

1. e4 c5 2. Be2 Nc6 3. f4 d5 4. d3 Nf6 5. e5 Ng8 6. Nf3 {[%emt 0:01:47] B21: Sicilian: 2 f4 and Morra Gambit.} g6 7. O-O {[%emt 0:00:20] [#]} Nh6 $146 ({Predecessor:} 7... Bg7 8. c4 d4 9. Ng5 Nh6 10. Bf3 Qc7 11. Na3 O-O 12. Nc2 Rb8 13. Ne4 b6 {1-0 (38) Stevic,H (2621)-Yilmaz,M (2476) Rijeka 2010}) 8. Be3 {[%emt 0:08:49] The position is equal.} d4 9. Bf2 Bg7 10. Nbd2 O-O 11. Ne4 b6 12. c3 Ng4 13. b4 Nxf2 14. Rxf2 cxb4 15. cxb4 Nxb4 16. Qa4 Nd5 17. Nxd4 $2 {[%emt 0:00:39] [#] Loses the game.} (17. g3 $1 $15) 17... Nxf4 $1 $19 18. Rxf4 {[%emt 0:01:47] aiming for Nf3.} (18. Nf3 Nxe2+) 18... Bxe5 19. Nc6 Bd7 {[%emt 0:00:57] A strong pair of Bishops.} 20. Rff1 $2 (20. Nxd8 Bxa4 21. Ne6) 20... Qe8 (20... Bxa1 $142 21. Nxd8 (21. Rxa1 $2 Bxc6 22. Qb4 Rc8 $19) 21... Bxa4) 21. Rac1 Rc8 22. d4 (22. Qxa7 {was worth a try.} Rxc6 23. Kh1) 22... Rxc6 23. Bb5 (23. Qxa7 $142 Bxd4+ 24. Kh1) 23... Rxc1 24. Bxd7 {[%emt 0:00:12] [#]} Bxh2+ $1 25. Kxh2 Qb8+ 26. Kg1 Qf4 27. Rxc1 (27. Nf2) 27... Qxc1+ 28. Kh2 Qf4+ 29. Ng3 Rd8 30. d5 Qxa4 31. Bxa4 Rxd5 32. Bb3 Re5 33. Kg1 a5 34. Kf2 b5 35. Ne2 a4 36. Bc2 Rc5 37. Bd3 b4 38. Ke3 a3 {[%emt 0:05:53][%cal Ob4b3] Hoping for ...b3!} 39. Nd4 e5 40. Nc2 b3 41. axb3 {[%emt 0:00:20] [#]} Rxc2 $1 {[%emt 0:00:48][%mdl 512] Weighted Error Value: White=0.67/Black=0.20 (precise)} 0-1

[Event "31st Kavala Open-A 2022"]
[Site "Kavala"]
[Date "2022.07.30"]
[Round "6.14"]
[White "Priyanka Nutakki"]
[Black "Michalicka, Milan"]
[Result "1-0"]
[ECO "E61"]
[WhiteElo "2308"]
[BlackElo "2216"]
[Annotator "TA"]
[PlyCount "91"]
[EventDate "2022.07.27"]
[EventType "swiss"]
[EventCountry "GRE"]
[SourceTitle "playchess.com"]
[Source "ChessBase"]
[SourceQuality "1"]
[TimeControl "40/5400+30:1800+30"]

1. d4 Nf6 2. c4 g6 3. Nc3 Bg7 4. Nf3 d6 5. Bg5 c6 (5... h6 $5 6. Bxf6 Bxf6 $11) 6. e4 {[%emt 0:02:02] E61: King's Indian: Early deviations for White, including Smyslov System.} Qa5 7. Qd2 Bg4 8. Be2 {[%emt 0:01:42] White is slightly better.} Nbd7 9. O-O {[%emt 0:02:51] [#]} Bxf3 $146 ({Predecessor:} 9... O-O 10. Rfe1 Rad8 11. a3 Qc7 12. Rac1 e5 13. d5 c5 14. Nb5 Qb8 15. Nc3 Qc7 {1-0 (91) Kuiper,A-Bosma,J Sneek 2013}) 10. Bxf3 e5 11. Be3 O-O 12. Rab1 Rfd8 13. b4 Qc7 14. d5 a6 {[%emt 0:09:02] Black is now going downhill.} 15. Rfc1 Rac8 16. a4 c5 17. b5 a5 18. b6 Nxb6 19. Nb5 Qe7 20. Qxa5 {[%emt 0:01:48] White is more active.} Nfd7 21. Na7 Ra8 22. Rxb6 Nxb6 23. Qxb6 Bf6 24. Rb1 Rdb8 25. Bd1 Qd7 26. Nb5 Ra6 27. Qc7 Qc8 28. f4 Bd8 29. Qxc8 Rxc8 30. fxe5 dxe5 31. Bg4 Rca8 32. Bxc5 {[%emt 0:00:16] Hoping for Nc3.} Rxa4 33. Nd6 Ra1 (33... Be7 {was worth a try.} 34. Rxb7 Bf8) 34. Rxa1 $18 Rxa1+ 35. Kf2 b6 (35... Rb1 $142 36. Be3 Be7) 36. Nb7 Ra2+ 37. Be2 bxc5 (37... Bh4+ $142 38. g3 bxc5) 38. Nxd8 Rb2 39. Nc6 f6 40. Nd8 Rb6 41. Ne6 Rxe6 (41... Rb2 $18 42. Nxc5 h5) 42. dxe6 {[%emt 0:00:02] White mates.} Kf8 43. Bg4 Ke7 44. Ke3 h5 45. Bh3 g5 46. Bf5 {[%emt 0:00:02] Weighted Error Value: White=0.08 (flawless) /Black=0.48} 1-0

[Event "31st Kavala Open-A 2022"]
[Site "Kavala"]
[Date "2022.07.30"]
[Round "6.16"]
[White "Spyratos, Nikolaos"]
[Black "Rahmanidis, Petros"]
[Result "1/2-1/2"]
[ECO "B51"]
[WhiteElo "2268"]
[BlackElo "2191"]
[Annotator "TA"]
[PlyCount "80"]
[EventDate "2022.07.27"]
[EventType "swiss"]
[EventCountry "GRE"]
[SourceTitle "playchess.com"]
[Source "ChessBase"]
[SourceQuality "1"]
[TimeControl "40/5400+30:1800+30"]

1. e4 c5 2. Nf3 d6 3. Bb5+ Nd7 4. d4 cxd4 5. Qxd4 e5 6. Qd3 h6 {[%emt 0:01:32] Against Bg5. B51: Sicilian: Moscow Variation (3 Bb5+) without 3...Bd7.} 7. Nc3 {[%emt 0:00:20] has lost popularity (7.0-0).} a6 8. Bxd7+ Bxd7 {[%emt 0:00:03] The position is equal.} 9. a4 Rc8 10. O-O Nf6 11. Rd1 Qc7 12. Nd2 Be7 13. Nf1 O-O 14. Ne3 Be6 15. Bd2 Rfd8 16. Be1 Qc5 17. Kh1 Rd7 18. f3 Bd8 19. Bh4 {[%emt 0:31:24] [#]} d5 $146 {[%emt 0:08:08] [#] Hoping for ...d4.} ({Predecessor:} 19... g5 20. Bf2 Qb4 21. Be1 Qc5 22. Bf2 Qb4 23. Rab1 Ba5 24. Be1 Qd4 25. Qxd4 exd4 26. Rxd4 {1-0 (64) Martinez Reyes,P (2422)-Mekhitarian,K (2554) Chess.com INT 2020}) 20. Bxf6 d4 21. Bxd8 dxe3 (21... Rcxd8 $14 22. Ned5 dxc3 23. Qxc3 Qb6) 22. Qxd7 $16 Bxd7 23. Rxd7 Qb4 (23... e2 $16) 24. Nd5 $18 Qxb2 25. Re1 (25. Rg1 $18 {Strongly threatening Ne7+.} Rc4 26. Nxe3 Rxa4 27. Rdd1) 25... Rxc2 $11 26. Nxe3 Re2 27. Rdd1 (27. Bh4 $11 {remains equal.}) 27... Rxe1+ $17 28. Rxe1 {[%emt 0:00:23] [#]} Qd2 (28... Qb4 $1 $17 29. Bh4 Qxa4) 29. Bh4 $15 Qa2 (29... b5 $1 $15 30. axb5 axb5) 30. h3 $11 {[%emt 0:11:37] Threatens to win with Rc1.} Qxa4 31. Rb1 b5 {[%emt 0:00:58][%mdl 1024] And now ...b4 would win. Black has compensation.} 32. Nd5 {[%emt 0:00:39] Prevents b4.} Qa2 (32... a5 $15 33. Rc1 b4) 33. Rb4 f6 34. Kh2 Qe2 35. Nc3 (35. Rb3 $11) 35... Qe3 (35... Qf1 $17) 36. Nd5 $15 Qd2 (36... Qd3 $5 ) 37. Rb1 Qa2 38. Rb4 Qe2 (38... Qd2 $11) 39. Nc3 $17 Qd2 ({Better is} 39... Qf1 $17) 40. Nd5 $15 Qe2 {[%emt 0:00:00] Weighted Error Value: White=0.25 (precise) /Black=0.23 (precise)} (40... Qd3 $1 $15 {should be considered.}) 1/2-1/2

[Event "31st Kavala Open-A 2022"]
[Site "Kavala"]
[Date "2022.07.31"]
[Round "7.1"]
[White "Kourkoulos-Arditis, Stamatis"]
[Black "Bharath Subramaniyam H"]
[Result "1/2-1/2"]
[ECO "E04"]
[WhiteElo "2535"]
[BlackElo "2479"]
[Annotator "TA"]
[PlyCount "109"]
[EventDate "2022.07.27"]
[EventType "swiss"]
[EventCountry "GRE"]
[SourceTitle "playchess.com"]
[Source "ChessBase"]
[SourceQuality "1"]
[TimeControl "40/5400+30:1800+30"]

1. d4 d5 2. c4 e6 3. Nf3 Nf6 4. g3 dxc4 5. Bg2 c5 6. O-O Nc6 7. dxc5 Qxd1 {[%emt 0:02:05] E04: Open Catalan: 5 Nf3.} 8. Rxd1 Bxc5 9. Nfd2 (9. Nbd2 $5 ) 9... Nd4 {[%emt 0:03:54] Strongly threatening ...Nc2.} 10. Nc3 Nd5 $1 11. Nxd5 exd5 12. Bxd5 O-O {[%emt 0:00:08] [#]} 13. Ne4 $146 ({Predecessor:} 13. Bxc4 Rd8 14. Bd3 Bg4 15. Kf1 Bh3+ 16. Kg1 Bg4 17. Kf1 Re8 18. Nb3 Nxe2 19. Nxc5 {½-½ (30) Turov,M (2567)-Fridman,D (2622) Tallinn 2020}) 13... Rd8 14. Nxc5 ({Worse is} 14. Bxc4 Nf3+ $1 15. Kg2 Rxd1 $17) 14... Rxd5 15. Be3 $1 Nxe2+ 16. Kg2 Rxd1 17. Rxd1 Bf5 18. Rd5 ({But not} 18. Nxb7 c3 19. bxc3 Nxc3 20. Rd8+ Rxd8 21. Nxd8 Be4+ 22. f3 Bd5 $17) ({White should try} 18. Kf3 $14 b6 19. Kxe2 bxc5 20. Bxc5) 18... Bb1 19. Kf1 b6 20. Kxe2 {[%emt 0:00:07] Na4 is the strong threat.} bxc5 $14 {[%emt 0:00:05][%mdl 4096] Endgame KRB-KRB} 21. a4 (21. a3 $14 {should be considered.}) 21... Rb8 22. Kd1 Ba2 {[%emt 0:02:37] And now ...c3 would win.} 23. Rxc5 Bb3+ 24. Kd2 Bxa4 25. Rxc4 Rd8+ (25... Rxb2+ $2 26. Kc1 Rc2+ 27. Rxc2 $18) 26. Kc3 Bb5 27. Rc7 a6 28. Kb4 h6 29. Ka5 Rd3 30. b4 Ra3+ 31. Kb6 Ra2 32. h4 Be2 33. Bc5 Ra1 34. Re7 Bc4 35. Rc7 Be2 36. Ra7 Bc4 37. Be3 Rb1 38. Kc5 Be2 39. Ra8+ Kh7 40. Rf8 Kg6 41. Re8 Bf1 42. Ra8 Ra1 43. Rg8 Bb5 (43... Rd1 $11 {keeps the balance.}) 44. Bd4 (44. h5+ $16 Kh7 {[#]} 45. Rxg7+ $1 Kxg7 46. Bd4+ Kf8 47. Bxa1) 44... Rc1+ $11 {[%emt 0:00:08] The position is equal.} 45. Kb6 f6 46. Bc5 Re1 47. h5+ Kh7 48. Ra8 Re6+ 49. Ka5 Be2 50. Ra7 Kg8 51. f4 Bc4 52. Bb6 Kh7 53. Bd4 Kg8 54. Bc5 Bf1 55. Ra8+ {[%emt 0:01:01] Weighted Error Value: White=0.06 (flawless) /Black=0.07 (flawless)} 1/2-1/2

[Event "31st Kavala Open-A 2022"]
[Site "Kavala"]
[Date "2022.07.31"]
[Round "7.2"]
[White "Karthik Venkataraman"]
[Black "Kilic, Eray"]
[Result "1-0"]
[ECO "B30"]
[WhiteElo "2483"]
[BlackElo "2422"]
[Annotator "TA"]
[PlyCount "95"]
[EventDate "2022.07.27"]
[EventType "swiss"]
[EventCountry "GRE"]
[SourceTitle "playchess.com"]
[Source "ChessBase"]
[SourceQuality "1"]
[TimeControl "40/5400+30:1800+30"]

1. e4 c5 2. Nf3 Nc6 3. Bb5 e6 4. O-O Nge7 5. Re1 b6 6. c3 {[%emt 0:00:45] B30: Sicilian: 2...Nc6 3 Bb5, lines without ...g6.} a6 7. Bxc6 Nxc6 8. d4 {[%emt 0:00:04] The position is equal.} d5 {[%emt 0:00:44] [#]} 9. Bg5 $146 ({Predecessor:} 9. exd5 Qxd5 10. dxc5 Qxd1 11. Rxd1 Bxc5 12. Nbd2 Bb7 13. Nc4 b5 14. Nd6+ Bxd6 15. Rxd6 Ke7 {½-½ (15) Muzychuk,M (2539)-Bellahcene,B (2508) Gibraltar 2022}) 9... f6 10. exd5 Qxd5 11. Be3 cxd4 12. cxd4 {[%emt 0:02:22] aiming for Nc3.} Bb4 13. Bd2 O-O (13... Bxd2 $11 14. Qxd2 (14. Nbxd2 O-O $11) 14... O-O) 14. Bxb4 $14 Nxb4 15. a3 $1 Nc6 16. Nc3 Qd6 (16... Qh5 $11 {remains equal.}) 17. d5 $16 exd5 18. Nxd5 ({Of course not} 18. Qxd5+ $6 Qxd5 19. Nxd5 Bg4 $11) 18... Ne5 {[%emt 0:01:17] [#]} 19. Nxf6+ Rxf6 (19... Qxf6 20. Qd5+) 20. Nxe5 ({Resist} 20. Rxe5 Qxd1+ 21. Rxd1 Bg4 $14) 20... Qc5 21. Qd2 Rd6 22. Qf4 {[%emt 0:01:50] Qf7+ would kill now.} Be6 {[%emt 0:02:12] Inhibits Qf7+.} 23. Rac1 Qd5 24. h3 {[%emt 0:02:49] Threatens to win with Rc7.} Rf8 25. Qg3 $40 {[%emt 0:00:51][%mdl 128] Strongly threatening Rc7. Black is in trouble. White is more active.} Qd2 26. Nf3 Qf4 27. Qxf4 Rxf4 28. Ng5 Bd7 {[%emt 0:00:52] [#]} 29. Rc7 $1 h6 {[%emt 0:01:27] [#]} 30. Ne4 Rd4 31. f3 Rf7 32. Rb7 Bb5 (32... b5 $142 33. Ra7 Bc8) 33. Rb8+ Kh7 34. Rxb6 Rc7 35. Rd6 Rxd6 36. Nxd6 Rc2 $2 (36... Bd3 37. Rd1 Bg6) 37. Nxb5 $18 axb5 {[%emt 0:00:01][%mdl 4096] Endgame KR-KR} 38. b4 Ra2 39. Re5 Rxa3 40. Rxb5 Rb3 41. Rb8 Kg6 42. b5 {[%emt 0:00:06] Hoping for b6.} Kh5 (42... h5 $142 43. b6 Rb2) 43. Kh2 Rb2 44. Kg3 g5 (44... Kg5 $142 45. h4+ Kg6) 45. b6 {[%emt 0:01:44] White wants to mate with b7.} Rb3 46. b7 {[%emt 0:01:52] White mates.} Rb4 47. h4 gxh4+ 48. Kh2 {[%emt 0:02:33] Weighted Error Value: White=0.03 (flawless) /Black=0.37} 1-0